 Dungeon Sprint DCSS version 0.31-a0-574-g69dc8cc98e (webtiles) character file.

Game seed: 17427767919940634282

7145 Midn8 the Ninja (level 10, -2/64 (68) HPs)
             Began as a Vampire Brigand on Aug 18, 2023.
             Was an Elder of Ru.
             Slain by a spriggan defender
             ... wielding a +1 flail of protection
              (21 damage)
             ... in the Dungeon (Sprint IV: "Fedhas' Mad Dash").
             The game lasted 00:10:40 (1044 turns).

Midn8 the Ninja (Vampire Brigand)                   Turns: 1044, Time: 00:10:41

HP:   -2/64 (68)    AC:  5    Str: 10    XL:     10   Next: 85%
MP:   16/16         EV: 24    Int: 14    God:    Ru [****..]
Gold: 145           SH:  0    Dex: 32    Spells: 11/18 levels left

rFire   . . .        a - +2 dagger
rCold   + . .        (shield unavailable)
rNeg    + + +        b - +0 robe
rPois   ∞            (no helmet)
rElec   +            c - +0 cloak
rCorr   +            p - +1 pair of gloves of Indecent Exposure {rElec rC- rCorr Dex+5}
SInv    +            (no boots)
Will    +....        l - amulet of invisibility {+Inv} Stlth ***+++++++
                     (ring unavailable)
HPRegen 0.00/turn    n - ring "Jepry" {*Slow rCorr Dex+7}
MPRegen 0.15/turn

%: no teleportation, slow self (1%)
@: exhausted, very slightly contaminated, bloodless, inhibited regen, drained
A: bloodless, fangs 3, see invisible, missing a hand, inability to train armour,
vampiric 2
a: Bat Form, Revivify, Renounce Religion, Evoke Invisibility, Draw Out Power,
Power Leap


You were in the Dungeon.
You worshipped Ru.
Ru was greatly pleased with you.
You visited 1 branch You collected 215 gold pieces.
You spent 70 gold pieces at shops.

Inventory:

Hand Weapons
 a - a +2 dagger (weapon)
Missiles
 d - 8 poisoned darts (quivered)
Armour
 b - a +0 robe (worn)
 c - a +0 cloak (worn)
 p - the +1 pair of gloves of Indecent Exposure (worn) {rElec rC- rCorr Dex+5}
   (You found it in the Dungeon)

   Dex+5:     It affects your dexterity (+5).
   rC-:       It makes you vulnerable to cold.
   rElec:     It insulates you from electricity.
   rCorr:     It protects you from acid and corrosion.
Jewellery
 l - the amulet of invisibility (around neck) {+Inv}
   (You found it in the Dungeon)

   [amulet of nothing]

   +Inv:      It lets you turn invisible.
 n - the ring "Jepry" (right hand) {*Slow rCorr Dex+7}
   (You found it in the Dungeon)

   [ring of resist corrosion]

   Dex+7:     It affects your dexterity (+7).
   rCorr:     It protects you from acid and corrosion.
   *Slow:     It may slow you when you take damage.
Scrolls
 k - a scroll of blinking
 r - a scroll of identify {unknown}
Potions
 f - 2 potions of curing
 g - a potion of heal wounds
 i - 2 potions of magic
 j - a potion of berserk rage
 m - a potion of enlightenment {unknown}
Miscellaneous
 o - a phial of floods


   Skills:
 - Level 10.0 Fighting
 - Level 10.0 Short Blades
 - Level 6.0 Throwing
 - Level 10.0 Dodging
 O Level 27 Stealth
 + Level 4.5 Spellcasting
 + Level 5.0 Summonings


You had 11 spell levels left.
You knew the following spells:

 Your Spells              Type           Power      Damage    Failure   Level
a - Summon Hydra          Summ           8%         N/A       100%        7

Your spell library contained the following spells:

 Spells                   Type           Power      Damage    Failure   Level
 Ozocubu's Armour         Ice            3%         N/A       50%         3
 Summon Forest            Summ/Tloc      5%         N/A       88%         5
 Eringya's Noxious Bog    Tmut/Pois      1%         4d6       100%        6
 Ozocubu's Refrigeration  Ice            1%         4d7       100%        7


Dungeon Overview and Level Annotations

Branches:
Dungeon (1/1)

Altars:
Cheibriados
Dithmenos
Gozag
Hepliaklqana
Kikubaaqudgha
Makhleb
Nemelex Xobeh
Okawaru
Qazlal
Ru
Sif Muna
Trog
Uskayaw
Vehumet
Wu Jian
Xom
Yredelemnul
Jiyva
Lugonu

Shops:
D [!(([!


Innate Abilities, Weirdness & Mutations

You do not regenerate when monsters are visible.
You are frail without blood (-20% HP).
You can heal yourself when you bite living creatures.
You are immune to poison.
You have razor-sharp teeth.
You have supernaturally acute eyesight. (SInv)
You are missing a hand.
You cannot train Armour skill.
You are afflicted with vampirism and can become a bat while bloodless.


Message History

The spriggan berserker invokes Trog's protection!
The spriggan defender hits you with a +1 flail of protection!
Throw: 9 darts (poison)
Press: ? - help, Q - select action, (/) - cycle Shift-Dir - straight line, f/p - spriggan defender
Aim: a spriggan defender, wielding a +1 flail of protection, wearing a +0 robe and wearing a +0 buckler (43% to hit)
You throw a poisoned dart.
The poisoned dart hits the spriggan defender.
The spriggan defender is poisoned.
The spriggan defender hits you with a +1 flail of protection!!
Unknown command.
You are restored by drawing out deep reserves of power within.
You feel drained.
The spriggan defender is stunned by your conviction and fails to attack.
The spriggan defender completely misses you.
Unknown command.
Okay, then.
The spriggan defender blocks your attack.
You flicker back into view.
The spriggan defender hits you with a +1 flail of protection!!
You hit the spriggan defender.
The spriggan defender blocks your attack.
The spriggan defender is lightly wounded.
The spriggan defender blocks your attack.
You bite the spriggan defender, but do no damage.
The spriggan defender is lightly wounded.
The spriggan defender completely misses you.
The spriggan berserker prays to Trog.
The spriggan berserker goes berserk!
You hit the spriggan defender but do no damage.
Your bite misses the spriggan defender.
The spriggan defender is lightly wounded.
The spriggan defender hits you but does no damage.
You barely miss the spriggan defender.
You bite the spriggan defender, but do no damage.
The spriggan defender is lightly wounded.
The spriggan defender hits you with a +1 flail of protection!!
* * * LOW HITPOINT WARNING * * *
You feel much better.
The spriggan defender hits you with a +1 flail of protection!!
You die...

#.⌠._._._._.⌠.#..'.).#.†..##∩##[#
'.._._._._._..'..#...#....'.|##'#
#..._._._._...#..###'##.)(##∩#..#
#.._._._._._..#.)##∩∩.'...#####..
#._._._._._.⌠.#################..
###################.....(###.....
#♣♣♣♣♣..♣.###.'..'.))..[.')'...♣.
......♣..♣##..#..#.P.....########
♣..♣♣♣.♣).###.##@##.P....#
.♣♣..♣...♣'...#♣i♣######## #
#############(i., .♣(.♣ .♣.... ..
♣.... ## #####


You could see a spriggan defender (poisoned) and a spriggan berserker (berserk,
regenerating, strong-willed, very poisoned).

Vanquished Creatures
  Agnes (D)
  A demonic crawler (D)
  A spriggan druid (D)
  6 oklob plants (D)
  3 burning bushes (D)
  3 wandering mushrooms (D)
  A queen bee (D)
  A hornet (D)
  3 scorpions (D)
  4 killer bees (D)
  5 oklob saplings (D)
  5 spriggans (D)
  A river rat (D)
  A rat (D)
  A ballistomycete spore (D)
37 creatures vanquished.

Notes
Turn   | Place    | Note
-------+----------+-------------------------------------------
     0 | D        | Midn8 the Vampire Brigand began the quest for the Orb.
     0 | D        | Reached XP level 1. HP: 16/16 MP: 1/1
    10 | D        | Reached skill level 6 in Stealth
    17 | D        | Reached skill level 8 in Stealth
    17 | D        | Reached XP level 2. HP: 16/22 MP: 2/2
    38 | D        | Noticed an oklob sapling
    39 | D        | Killed an oklob sapling
    40 | D        | Reached skill level 10 in Stealth
    40 | D        | Gained mutation: You are afflicted with vampirism and can
                  | become a bat while bloodless. [Vampire growth]
    40 | D        | Reached XP level 3. HP: 21/21 MP: 3/3
    41 | D        | Noticed a scorpion
    41 | D        | Found the amulet of invisibility {+Inv}
    43 | D        | Killed a scorpion
    44 | D        | Reached skill level 13 in Stealth
    44 | D        | Reached XP level 4. HP: 26/26 MP: 4/4
   159 | D        | Found an opulent altar of Gozag.
   159 | D        | Found a hazy altar of Hepliaklqana.
   159 | D        | Found a burning altar of Makhleb.
   159 | D        | Found a sparkling altar of Nemelex Xobeh.
   159 | D        | Found a snail-covered altar of Cheibriados.
   159 | D        | Found a sacrificial altar of Ru.
   159 | D        | Found a shimmering blue altar of Sif Muna.
   159 | D        | Found a shimmering altar of Xom.
   159 | D        | Found a basalt altar of Yredelemnul.
   177 | D        | Found a viscous altar of Jiyva.
   177 | D        | Found a bloodstained altar of Trog.
   177 | D        | Found an ornate altar of the Wu Jian Council.
   178 | D        | Found an iron altar of Okawaru.
   178 | D        | Found a shadowy altar of Dithmenos.
   179 | D        | Found a hide-covered altar of Uskayaw.
   179 | D        | Found an ancient bone altar of Kikubaaqudgha.
   180 | D        | Found a stormy altar of Qazlal.
   181 | D        | Found a radiant altar of Vehumet.
   181 | D        | Found a corrupted altar of Lugonu.
   185 | D        | Reached skill level 15 in Stealth
   185 | D        | Reached skill level 5 in Short Blades
   185 | D        | Reached XP level 5. HP: 30/30 MP: 5/5
   194 | D        | Became a worshipper of Ru the Awakened
   210 | D        | Identified the ring "Jepry" {*Slow rCorr Dex+7}
   238 | D        | Reached skill level 16 in Stealth
   300 | D        | Noticed a queen bee
   305 | D        | Killed a queen bee
   306 | D        | Reached skill level 20 in Stealth
   306 | D        | Reached XP level 6. HP: 35/35 MP: 6/6
   310 | D        | Reached XP level 7. HP: 39/39 MP: 7/7
   311 | D        | Gained mutation: You are missing a hand. [Ru sacrifice]
   311 | D        | Reached * piety under Ru
   311 | D        | Reached ** piety under Ru
   311 | D        | Reached *** piety under Ru
   337 | D        | Noticed an oklob plant
   340 | D        | Killed an oklob plant
   341 | D        | Reached skill level 10 in Short Blades
   341 | D        | Reached skill level 22 in Stealth
   377 | D        | Noticed a burning bush
   380 | D        | Killed a burning bush
   381 | D        | Reached skill level 23 in Stealth
   381 | D        | Reached XP level 8. HP: 44/44 MP: 8/8
   424 | D        | Noticed a burning bush
   424 | D        | Noticed an oklob plant
   425 | D        | Noticed a wandering mushroom
   426 | D        | Killed a burning bush
   427 | D        | Reached skill level 24 in Stealth
   433 | D        | Killed an oklob plant
   434 | D        | Reached skill level 25 in Stealth
   434 | D        | Killed a wandering mushroom
   435 | D        | Reached skill level 26 in Stealth
   435 | D        | Reached XP level 9. HP: 48/48 MP: 9/9
   538 | D        | Found Gamack's Distillery.
   538 | D        | Found Volyxast's Armour Emporium.
   553 | D        | Noticed a burning bush
   553 | D        | Noticed a wandering mushroom
   554 | D        | Noticed a wandering mushroom
   556 | D        | Killed a wandering mushroom
   557 | D        | Reached skill level 27 in Stealth
   559 | D        | Killed a burning bush
   561 | D        | Killed a wandering mushroom
   591 | D        | Found Utsady Fese's Weapon Emporium.
   591 | D        | Found Hine's Weapon Shoppe.
   593 | D        | Identified the +1 pair of gloves of Indecent Exposure
                  | {rElec rC- rCorr Dex+5}
   600 | D        | Identified the staff "Goblinbane" {rElec Int+5 Dex+3 Air}
   606 | D        | Bought 6 atropa-tipped darts for 70 gold pieces
   668 | D        | Noticed a spriggan druid
   669 | D        | Killed a spriggan druid
   704 | D        | Noticed an oklob plant conjurer
   705 | D        | Killed an oklob plant conjurer
   706 | D        | Reached skill level 5 in Throwing
   766 | D        | Noticed an oklob plant
   766 | D        | Noticed an oklob plant summoner
   771 | D        | Noticed an oklob plant shifter
   775 | D        | Killed an oklob plant
   776 | D        | Reached XP level 10. HP: 65/65 MP: 10/10
   777 | D        | Killed an oklob plant summoner
   780 | D        | Killed an oklob plant shifter
   781 | D        | Reached skill level 10 in Fighting
   789 | D        | Learned a level 7 spell: Summon Hydra
   803 | D        | Noticed a demonic crawler
   805 | D        | Killed a demonic crawler
   809 | D        | Noticed a spriggan rider
   810 | D        | Found Comar's Armour Emporium.
   831 | D        | Killed a spriggan rider
   839 | D        | Gained mutation: You cannot train Armour skill. [Ru
                  | sacrifice]
   839 | D        | Reached **** piety under Ru
   843 | D        | Reached skill level 10 in Dodging
   843 | D        | Reached skill level 1 in Spellcasting
   843 | D        | Reached skill level 1 in Summonings
   965 | D        | Found Myib's Distillery.
  1016 | D        | Noticed Agnes
  1020 | D        | Noticed a spriggan berserker
  1028 | D        | Noticed a spriggan defender
  1030 | D        | Killed Agnes
  1031 | D        | Reached skill level 5 in Summonings
  1043 | D        | HP: 1/64 [spriggan defender/+1 flail of protection (26)]
  1044 | D        | Slain by a spriggan defender

Illustrated notes

Levels and vault maps discovered:
D:        dungeon_sprint_fedhas [sprint_temple]

Skill      XL: |  1  2  3  4  5  6  7  8  9 10 |
---------------+-------------------------------+-----
Stealth        | 8 10 13 15 20 23 26 27 | 27.0
Short Blades   | 4 5 6 8 10 | 10.0
Fighting       | 8 10 | 10.0
Throwing       | 6 |  6.0
Dodging        | 10 | 10.0
Spellcasting   | 4 |  4.5
Summonings     | 5 |  5.0

Action                     |  1- 3 |  4- 6 |  7- 9 | 10-12 || total
---------------------------+-------+-------+-------+-------++-------
  Melee: Dagger            |    10 |     7 |    26 |    16 ||    59
         Bite              |     1 |       |     2 |     3 ||     6
  Throw: Dart              |     3 |       |       |    26 ||    29
 Invoke: Sacrifice a Hand  |       |       |     1 |       ||     1
         Draw Out Power    |       |       |       |     1 ||     1
         Power Leap        |       |       |       |     1 ||     1
         Sacrifice Durabil |       |       |       |     1 ||     1
Ability: Exsanguinate      |     1 |       |       |       ||     1
         Evoke Invisibilit |       |     4 |    10 |     3 ||    17
  Evoke: Phial of floods   |       |       |       |     2 ||     2
    Use: Potion            |       |       |       |     2 ||     2
   Stab: Sleeping          |     2 |     7 |    15 |     3 ||    27
         Invisible         |       |       |     2 |     1 ||     3
 Armour: Robe              |     1 |       |       |     2 ||     3
  Dodge: Dodged            |     3 |       |     1 |    13 ||    17

Table legend: (Time is in decaauts)
 A = Elapsed time spent in this place.
 B = Non-inter-level travel time spent in this place.
 C = Inter-level travel time spent in this place.
 D = Time resting spent in this place.
 E = Time spent auto-exploring this place.
 F = Levels seen in this place.
 G = Mean time per level.
                   A        B        C        D        E       F      G
               +--------+--------+--------+--------+--------+-----+--------+
         Total |    991 |    959 |     32 |    439 |      0 |   1 |  991.0 |
       Dungeon |    991 |    959 |     32 |    439 |      0 |   1 |  991.0 |
               +--------+--------+--------+--------+--------+-----+--------+

Top non-repeatable levels by time:
       D: 991 daAuts
